 Dungeon Crawl Stone Soup version 0.26.1-2-gb8aa6d0cf2 (webtiles) character file.

Game seed: 13896587022902630258

105 Gadfly the Skirmisher (level 4, 0/48 HPs)
             Began as an Ogre Monk on Feb 12, 2021.
             Killed from afar by an orc wizard (2 damage)
             ... with a magic dart
             ... on level 3 of the Dungeon.
             The game lasted 00:02:38 (3204 turns).

Gadfly the Skirmisher (Ogre Monk)                   Turns: 3204, Time: 00:02:38

Health: 0/48       AC:  3    Str: 16    XL:     4   Next: 81%
Magic:  5/5        EV: 10    Int: 11    God:
Gold:   129        SH:  0    Dex: 11    Spells: 3/3 levels left

rFire    + . .     SeeInvis .   g - +3 trident
rCold    + . .     Faith    .   (no shield)
rNeg     . . .     Spirit   .   b - +0 robe
rPois    +         Reflect  .   (helmet restricted)
rElec    +         Harm     .   (no cloak)
rCorr    +         Rampage  .   (gloves unavailable)
Will     .....                  (boots unavailable)
Stlth    ++........             (no amulet)
HPRegen  0.16/turn              (no ring)
MPRegen  0.09/turn              (no ring)

@: lethally poisoned (0 -> -1), resistant
A: large, unfitting armour, tough skin 1
a: no special abilities


You were on level 3 of the Dungeon.
You visited 1 branch of the dungeon, and saw 3 of its levels.

You collected 129 gold pieces.

Inventory:

Hand Weapons
 a - a +1 mace
 g - a +3 trident (weapon)
Missiles
 i - 34 stones (quivered)
Armour
 b - a +0 robe (worn)
Scrolls
 e - a scroll of teleportation
 f - a scroll of identify
Potions
 c - a potion of flight
 d - 3 potions of attraction


   Skills:
 - Level 4.0 Fighting
 + Level 3.1 Maces & Flails
 * Level 1.7 Throwing
 * Level 1.4 Armour
 - Level 2.6 Dodging
 - Level 1.4 Stealth
 * Level 1.8 Invocations
 * Level 1.3 Evocations


You had 3 spell levels left.
You didn't know any spells.
Your spell library was empty.

Dungeon Overview and Level Annotations

Branches:
Dungeon (3/15)

Altars:


Innate Abilities, Weirdness & Mutations

You are too large for most types of armour.
You have tough skin. (AC +1)


Message History

You feel sick. Something hits you but does no damage.
You hear some strange, mumbled words.
A puff of flame appears from out of thin air!
The puff of flame hits you.
* * * LOW HITPOINT WARNING * * *
You feel less confused.
A magic dart appears from out of thin air!
The magic dart hits you.
* * * LOW HITPOINT WARNING * * *
You feel sick.
You hear some strange, mumbled words.
Something tries to affect you, but you resist.
You feel protected.
You feel sick. Something hits you.
* * * LOW HITPOINT WARNING * * *
You miss something.
You hear some strange, mumbled words.
A magic dart appears from out of thin air!
The magic dart hits you.
You die...

.......))((..†(.. #.
#...##.....#(##. #.
#...##.....#.##. #.
#..........#.##.
##.##...#......#....
................... .#
#.###.........#....
#.###.#####.###....####.#+##.
..#<#.......@{.....# #.... #. .
#.#.#.............####.....## ...
#.#.#.............+ ......## ...
#.#.#.............# ##. ...##
...##.#.#..#.#.........# #.#+#.#.
...##÷#.....#.#.#.#.#.#.#.#.#.#.#
...........#.#.#.#.#.#.#.#.#.#.#.
............#.#.#.#.#.#.#.#.#.#.#
......######.#.#.#.#w#)#.#.#.#.#+


There were no monsters in sight!

Vanquished Creatures
  An orc priest (D:3)
  3 adders
  An ooze (D:3)
  2 worms (D:2)
  A dart slug (D:3)
  A leopard gecko (D:2)
  6 bats
  2 giant cockroaches
  3 hobgoblins
  5 kobolds
  2 quokkas
  A ball python (D:2)
  7 frilled lizards
  3 goblins
  3 rats
41 creatures vanquished.

Notes
Turn   | Place    | Note
-------+----------+-------------------------------------------
     0 | D:1      | Gadfly the Ogre Monk began the quest for the Orb.
     0 | D:1      | Reached XP level 1. HP: 24/24 MP: 1/1
  1038 | D:2      | Reached XP level 2. HP: 31/32 MP: 2/2
  1372 | D:2      | Reached skill level 1 in Invocations
  1681 | D:2      | Reached skill level 1 in Throwing
  1681 | D:2      | Reached XP level 3. HP: 29/39 MP: 3/3
  2083 | D:2      | Reached skill level 1 in Armour
  2316 | D:2      | Reached skill level 1 in Evocations
  2799 | D:3      | Reached XP level 4. HP: 40/48 MP: 5/5
  3201 | D:3      | HP: 2/48 [something (2)]
  3204 | D:3      | Killed from afar by an orc wizard

Illustrated notes

Levels and vault maps discovered:
D:1:      sevenhm_arrival_forest_fort_small_4, layout_loops_ring
D:2:      layout_basic
D:3:      layout_basic, uniq_grinder

Skill      XL: |  1  2  3  4 |
---------------+-------------+-----
Invocations    | 1 |  1.8
Throwing       | 1 |  1.7
Armour         | 1 |  1.4
Evocations     | 1 |  1.3
Maces & Flails | 3 |  3.1
Fighting       | |  4.0
Dodging        | |  2.6
Stealth        | |  1.4

Action                   |  1- 3 |  4- 6 || total
-------------------------+-------+-------++-------
Melee: Mace              |   111 |    24 ||   135
       Trident           |       |    19 ||    19
Throw: Stone             |    14 |     5 ||    19
  Use: Scroll            |     8 |       ||     8
       Potion            |       |     1 ||     1
Armor: Robe              |    39 |    13 ||    52
Dodge: Dodged            |    72 |    20 ||    92
